 Dungeon Crawl Stone Soup version 0.19-a0-1341-g3513869 (webtiles) character file.

165 poirepourri the Skirmisher (level 5, -6/34 HPs)
             Began as a Gargoyle Fighter on Sept 1, 2016.
             Mangled by an ogre
             ... wielding a +0 giant club
              (8 damage)
             ... on level 4 of the Dungeon.
             The game lasted 00:04:49 (2380 turns).

poirepourri the Skirmisher (Gargoyle Fighter)       Turns: 2380, Time: 00:04:49

Health: -6/34      AC: 10    Str: 21    XL:     5   Next: 46%
Magic:  5/5        EV:  8    Int:  8    God:
Gold:   194        SH:  9    Dex:  9    Spells: 0 memorised, 4 levels left

rFire  . . .     SeeInvis .     a - +0 flail
rCold  . . .     Gourm    .     b - +0 scale mail
rNeg   + . .     Faith    .     c - +0 shield
rPois  ∞         Spirit   .     (no helmet)
rElec  +         Dismiss  .     (no cloak)
rCorr  .         Reflect  .     (no gloves)
MR     .....     Harm     .     (no boots)
Stlth  ..........               (no amulet)
                                (no ring)
                                (no ring)

@: no status effects
A: negative energy resistance 1, electricity resistance, unbreathing,
petrification resistance, rot immunity, AC +4
a: no special abilities


You were on level 4 of the Dungeon.
You were not hungry.

You visited 1 branch of the dungeon, and saw 4 of its levels.

You collected 194 gold pieces.

Inventory:

Hand Weapons
 a - a +0 flail (weapon)
Armour
 b - a +0 scale mail (worn)
 c - a +0 shield (worn)
Jewellery
 f - an uncursed ring of see invisible
 k - an uncursed amulet of dismissal
 l - a cursed -4 ring of evasion
Scrolls
 e - 4 scrolls of amnesia
 p - a scroll of random uselessness {unknown}
Potions
 g - 2 potions of flight
 h - a potion of curing {unknown}
 o - a potion of cancellation
Comestibles
 d - 2 bread rations
 i - a royal jelly
 j - 2 meat rations
 m - 3 fruits
 n - 2 beef jerkies


   Skills:
 + Level 4.6 Fighting
 + Level 3.3 Maces & Flails
 - Level 3.2 Armour
 + Level 2.2 Dodging
 - Level 3.2 Shields


You had 4 spell levels left.
You didn't know any spells.

Dungeon Overview and Level Annotations

Branches:
Dungeon (4/15)
 Temple: D:4-7

Altars:
Dithmenos
Fedhas


Innate Abilities, Weirdness & Mutations

You are resistant to torment.
Your stone body is resilient. (AC +4)
You are immune to poison.
You resist negative energy. (rN+)
You are resistant to electric shocks. (rElec)
You can survive without breathing.
You are immune to petrification.
You are immune to rotting.


Message History

You hit the ogre but do no damage.
The ogre is moderately wounded.
The ogre barely misses you.
You sock the ogre!
The ogre is severely wounded.
You block the ogre's attack.
You hit the ogre but do no damage.
The ogre is severely wounded.
The ogre barely misses you.
You barely miss the ogre.
The ogre is severely wounded.
You block the ogre's attack.
Your shield prevents you from hitting the ogre.
The ogre is severely wounded.
The ogre hits you with a giant club!
* * * LOW HITPOINT WARNING * * *
You hit the ogre.
The ogre is severely wounded.
The ogre hits you with a giant club!
You die...

#.#
#######.#
#.......#
#.#######
#.#
#########.#
#.........#
#.#########
#@# #O# #.#
#.# ... ###


You could see an ogre.

Vanquished Creatures
  An orc priest (D:3)
  5 adders
  3 worms
  3 dart slugs (D:1)
  3 giant geckos
  4 orcs (D:3)
  A giant cockroach (D:1)
  4 hobgoblins (D:1)
  9 jackals
  A ball python (D:3)
  9 bats
  8 giant newts
  7 goblins
  3 kobolds
  9 rats
70 creatures vanquished.

Notes
Turn   | Place    | Note
-------+----------+-------------------------------------------
     0 | D:1      | poirepourri the Gargoyle Fighter began the quest for the Orb.
     0 | D:1      | Reached XP level 1. HP: 14/14 MP: 1/1
    79 | D:1      | Reached XP level 2. HP: 16/20 MP: 2/2
   359 | D:1      | Reached skill level 4 in Fighting
   443 | D:1      | Reached XP level 3. HP: 23/24 MP: 3/3
   937 | D:2      | Found a blossoming altar of Fedhas.
   967 | D:2      | Reached skill level 1 in Dodging
  1005 | D:2      | Found a shadowy altar of Dithmenos.
  1058 | D:2      | Reached XP level 4. HP: 24/29 MP: 4/4
  1822 | D:3      | Reached XP level 5. HP: 16/34 MP: 5/5
  2371 | D:4      | Noticed an ogre
  2380 | D:4      | Mangled by an ogre

Vault maps used:
D:1:      lightli_arrival_windingriver, minmay_newt_pond
D:2:      old_standard_altar, nicolae_overflow_crystal_walls
D:3:      first_bread
D:4:      minivault_25, uniq_sigmund

Skill      XL: |  1  2  3  4 |
---------------+-------------+-----
Fighting       | 4 |  4.6
Dodging        | 1 2 |  2.2
Maces & Flails | 3 |  3.3
Armour         | |  3.2
Shields        | |  3.2

Action                   |  1- 3 |  4- 6 || total
-------------------------+-------+-------++-------
Melee: Flail             |   167 |   109 ||   276
  Use: Scroll            |     1 |    11 ||    12
       Potion            |       |     2 ||     2
  Eat: Bread ration      |     1 |       ||     1
       Beef jerky        |     1 |       ||     1
Armor: Scale mail        |   128 |    69 ||   197
Dodge: Dodged            |    62 |    54 ||   116
Block: Shield            |   103 |    74 ||   177
